 Dungeon Crawl Stone Soup version 0.20-a0-81-g6e69d53 (webtiles) character file.

135 Fhqwhgads the Cudgeler (level 5, 0/32 HPs)
             Began as a Gargoyle Fighter on Nov 20, 2016.
             Slain by Fhqwhgads's ghost (7 damage)
             ... on level 3 of the Dungeon.
             The game lasted 00:01:29 (1294 turns).

Fhqwhgads the Cudgeler (Gargoyle Fighter)           Turns: 1294, Time: 00:01:29

Health: 0/32       AC: 13    Str: 20    XL:     5   Next: 18%
Magic:  5/5        EV:  5    Int:  9    God:
Gold:   55         SH:  9    Dex:  9    Spells: 0 memorised, 4 levels left

rFire  . . .     SeeInvis .     a - +0 flail
rCold  . . .     Gourm    .     i - +0 chain mail
rNeg   + . .     Faith    .     c - +0 shield
rPois  ∞         Spirit   .     (no helmet)
rElec  +         Reflect  .     (no cloak)
rCorr  .         Harm     .     (no gloves)
MR     +....                    (no boots)
Stlth  ..........               (no amulet)
                                (no ring)
                                e - ring of protection from magic

@: no status effects
A: negative energy resistance 1, electricity resistance, unbreathing,
petrification resistance, rot immunity, AC +4
a: no special abilities


You were on level 3 of the Dungeon.
You were not hungry.

You visited 1 branch of the dungeon, and saw 3 of its levels.

You collected 55 gold pieces.

Inventory:

Hand Weapons
 a - a +0 flail (weapon)
Armour
 c - a +0 shield (worn)
 i - a +0 chain mail (worn)
Jewellery
 e - a ring of protection from magic (left hand)
Scrolls
 b - 2 scrolls of random uselessness {unknown}
 j - a scroll of teleportation {unknown}
 k - a scroll of blinking {unknown}
 l - 4 scrolls of identify {unknown}
 m - a scroll of remove curse {unknown}
 o - a scroll of immolation {unknown}
 p - a scroll of amnesia {unknown}
 t - a scroll of magic mapping {unknown}
Potions
 d - a potion of might
 h - a potion of resistance {unknown}
 q - a potion of lignification {unknown}
 s - a potion of agility {unknown}
Comestibles
 f - a bread ration
 g - 3 fruits
 n - a chunk of flesh
 r - a beef jerky


   Skills:
 - Level 3.2 Fighting
 + Level 5.2 Maces & Flails
 - Level 3.2 Armour
 - Level 3.2 Shields


You had 4 spell levels left.
You didn't know any spells.

Dungeon Overview and Level Annotations

Branches:
Dungeon (2/15)

Altars:

Annotations:
D:3 Fhqwhgads's ghost, amateur GrFi


Innate Abilities, Weirdness & Mutations

You are resistant to torment.
Your stone body is resilient. (AC +4)
You are immune to poison.
You resist negative energy. (rN+)
You are resistant to electric shocks. (rElec)
You can survive without breathing.
You are immune to petrification.
You are immune to rotting.


Message History

Fhqwhgads's ghost hits you!
You thump Fhqwhgads's ghost!
Fhqwhgads's ghost is moderately damaged.
The frilled lizard bites you but does no damage.
You block Fhqwhgads's ghost's attack. The frilled lizard closely misses you.
Your shield and chain mail prevent you from hitting Fhqwhgads's ghost.
Fhqwhgads's ghost is moderately damaged.
The rat bites you. Fhqwhgads's ghost hits you!
The frilled lizard barely misses you.
You closely miss Fhqwhgads's ghost.
Fhqwhgads's ghost is moderately damaged.
The rat bites you but does no damage.
Fhqwhgads's ghost says, "You will never get the ORB!"
Fhqwhgads's ghost hits you.
* * * LOW HITPOINT WARNING * * *
The frilled lizard bites you but does no damage.
The rat bites you.
* * * LOW HITPOINT WARNING * * *
You block the bat's attack. Fhqwhgads's ghost hits you!
You die...

.#......
.....'.....
#..... ?..$.
..... #...#
....##.#'## .
.......#
#'#.##..†#
#.#.##...###...
#>...@Wlr'.'....
###.#.b..###....
#.#....# ..
#.##...#
#.##...#
#.#....#
#.#....#
#.#....#
#.#....#


You could see Fhqwhgads's ghost, a bat, a frilled lizard and a rat.

Vanquished Creatures
  2 hounds (D:3)
  A worker ant (D:3)
  An adder (D:2)
  A dart slug (D:1)
  A worm (D:3)
  A leopard gecko (D:3)
  A giant cockroach (D:2)
  9 goblins
  2 hobgoblins (D:1)
  6 jackals (D:1)
  4 bats
  2 frilled lizards (D:1)
  7 kobolds
  A rat (D:2)
39 creatures vanquished.

Notes
Turn   | Place    | Note
-------+----------+-------------------------------------------
     0 | D:1      | Fhqwhgads the Gargoyle Fighter began the quest for the Orb.
     0 | D:1      | Reached XP level 1. HP: 14/14 MP: 1/1
   211 | D:1      | Reached XP level 2. HP: 15/19 MP: 2/2
   341 | D:1      | Reached skill level 3 in Maces & Flails
   723 | D:1      | Reached XP level 3. HP: 23/23 MP: 3/3
   907 | D:2      | You fall through a shaft!
   949 | D:3      | Reached skill level 4 in Maces & Flails
   949 | D:3      | Reached XP level 4. HP: 15/28 MP: 4/4
  1229 | D:3      | Reached skill level 5 in Maces & Flails
  1229 | D:3      | Reached XP level 5. HP: 30/32 MP: 5/5
  1284 | D:3      | Noticed Fhqwhgads's ghost (amateur GrFi)
  1294 | D:3      | Slain by Fhqwhgads's ghost

Vault maps used:
D:1:      lemuel_arrival_muddy, minmay_misc_feat_more_columns
D:2:      uniq_jessica
D:3:      kennysheep_small_spiral

Skill      XL: |  1  2  3  4 |
---------------+-------------+-----
Maces & Flails | 3 4 5 |  5.2
Fighting       | |  3.2
Armour         | |  3.2
Shields        | |  3.2

Action                   |  1- 3 |  4- 6 || total
-------------------------+-------+-------++-------
Melee: Flail             |   159 |    43 ||   202
  Eat: Chunk             |       |     2 ||     2
Armor: Scale mail        |     3 |       ||     3
       Chain mail        |   111 |    32 ||   143
Dodge: Dodged            |    42 |    17 ||    59
Block: Shield            |    99 |    19 ||   118
